 Dungeon Crawl Stone Soup version 0.32-a0-120-gfac0567ad4 (webtiles) character file.

Game seed: 12931404319808426003

25 Bravepunisher the Ducker (level 2, -8/16 HPs)
             Began as a Spriggan Monk on Feb 6, 2024.
             Mangled by Erica
             ... wielding a +4 scimitar of flaming
              (13 damage)
             ... on level 8 of the Dungeon.
             The game lasted 00:04:44 (741 turns).

Bravepunisher the Ducker (Spriggan Monk)             Turns: 741, Time: 00:04:45

Health: -8/16      AC:  3    Str:  7    XL:     2   Next: 82%
Magic:  3/3        EV: 19    Int: 11    God:
Gold:   51         SH:  0    Dex: 17    Spells: 1/1 levels left

rFire   . . .        a - +0 short sword
rCold   . . .        (no shield)
rNeg    . . .        b - +0 robe
rPois   .            (helmet restricted)
rElec   .            g - +0 cloak
rCorr   .            (gloves unavailable)
SInv    +            (boots unavailable)
Will    .....        (no amulet)
Stlth   ++           (no ring)
HPRegen 0.22/turn    (no ring)
MPRegen 0.08/turn

%: no passive effects
@: very quick
A: very small, no large weapons, unfitting armour, see invisible, speed 3
a: no special abilities


You were on level 8 of the Dungeon.
You visited 1 branch of the dungeon, and saw 7 of its levels.

You collected 51 gold pieces.

Inventory:

Hand Weapons
 a - a +0 short sword (weapon)
Armour
 b - a +0 robe (worn)
 g - a +0 cloak (worn)
Scrolls
 d - 2 scrolls of identify {unknown}
 f - a scroll of amnesia {unknown}
Potions
 c - a potion of ambrosia
 e - a potion of attraction {unknown}


   Skills:
 + Level 2.7 Fighting
 - Level 3.2 Short Blades
 * Level 5.0 Dodging


You had one spell level left.
You didn't know any spells.
Your spell library contained the following spells:

 Spells                   Type           Power      Damage    Failure   Level
 Apportation              Tloc           0%         N/A       34%         1
 Necrotise                Necr           0%         1d4       34%         1
 Sting                    Conj/Alch      0%         1d3       34%         1
 Summon Small Mammal      Summ           0%         N/A       34%         1
 Vampiric Draining        Necr           0%         2d6       71%         3
 Martyr's Knell           Necr/Summ      0%         N/A       98%         4
 Curse of Agony           Necr           0%         N/A       100%        5


Dungeon Overview and Level Annotations

Branches:
Dungeon (6/15)
 Temple: D:4-7

Altars:
Elyvilon
Vehumet
Zin
Jiyva

Annotations:
D:5 2 runed translucent doors
D:8 3 runed translucent doors, Erica; poochi's ghost, novice GrFi


Innate Abilities, Weirdness & Mutations

You are very small and have problems with some larger weapons.
You are too small for most types of armour.
You have supernaturally acute eyesight. (SInv)
You cover ground extremely quickly. (Speed+++)


Message History

A yak comes into view.
The yak bellows!
You hear a bellow!
Found 13 gold pieces.
A yak comes into view. x2
Found a runed translucent gate.
The slime creature quivers.
Found four items.
Found a viscous altar of Jiyva.
An orc priest comes into view. It is wielding a +0 club.
Found a jewelled glass wand and a scratched bronze ring.
An orc wizard, an orc priest and a hornet come into view.
The orc priest shouts!
An orc comes into view. It is wielding a +0 short sword.
An orc warrior and an orc wizard come into view.
The orc wizard shouts! x2; The orc shouts!
The hornet buzzes angrily.
The orc warrior shouts!
The orc priest invokes the aid of Beogh against you.
Beogh smites you!
Ouch! That really hurt!
* * * LOW HITPOINT WARNING * * *
The orc wizard mumbles some strange words.
The orc wizard flickers and vanishes for a moment.
The hornet stings you but does no damage.
The orc priest attacks as it pursues you!
The orc priest hits you but does no damage.
The hornet barely misses you. The hornet attacks as it pursues you!
The hornet misses you.
An orc comes into view. It is wielding a +0 dagger.
The orc shouts!
The hornet attacks as it pursues you! The hornet barely misses you.
Found a chain mail.
A wight comes into view. It is wielding a +5 hand axe.
Found a dagger and 11 gold pieces.
Found a white marble altar of Elyvilon.
Found a book of Lightning.
Erica the Fiery-Tempered comes into view.
She is wielding a +4 scimitar of flaming.
Erica shouts!
A wight comes into view. It is wielding a +1 mace of freezing.
Erica hits you with a +4 scimitar of flaming!
Ouch! That really hurt!
You die...
Erica begins burbling mirthfully and uncontrollably.

######## ######
##......#####
.....###.o..[y..@..#
....o.##.#.#..zx)#.#
.../..o..#.......z.#
.....o.###.#.⌠.⌠.#.#
.......# #..$....:.#
.......# #.#.....#.#
#..=...# #...._....#
#....o.# #.#.....# #
#......#


You could see Erica, a hornet, 2 wights and an orc.

Vanquished Creatures
  A ribbon worm (D:2)
  A dart slug (D:2)
  2 endoplasms (D:1)
  2 giant cockroaches
  3 goblins
  4 hobgoblins
  A ball python (D:3)
  A bat (D:1)
  A kobold (D:1)
  2 rats
18 creatures vanquished.

Notes
Turn   | Place    | Note
-------+----------+-------------------------------------------
     0 | D:1      | Bravepunisher the Spriggan Monk began the quest for the
                  | Orb.
     0 | D:1      | Reached XP level 1. HP: 11/11 MP: 2/2
   159 | D:1      | Reached XP level 2. HP: 16/16 MP: 3/3
   315 | D:3      | Found a radiant altar of Vehumet.
   323 | D:3      | Reached skill level 5 in Dodging
   417 | D:5      | Entered Level 5 of the Dungeon
   417 | D:5      | Noticed a scorpion
   417 | D:5      | Noticed a phantom
   417 | D:5      | Found a runed translucent door.
   419 | D:5      | Noticed a scorpion
   420 | D:5      | Noticed a killer bee
   421 | D:5      | Noticed a scorpion
   421 | D:5      | Noticed a scorpion
   421 | D:5      | Noticed a scorpion
   422 | D:5      | Found a runed translucent door.
   455 | D:5      | Found a glowing silver altar of Zin.
   483 | D:5      | Noticed a water moccasin
   485 | D:5      | Noticed an ogre
   568 | D:5      | Noticed a scorpion
   662 | D:5      | You fall into a shaft and drop 3 floors!
   667 | D:8      | Noticed a yak
   687 | D:8      | Noticed a yak
   687 | D:8      | Noticed a yak
   713 | D:8      | Found a runed translucent gate.
   713 | D:8      | Found a runed translucent gate.
   714 | D:8      | Found a runed translucent gate.
   715 | D:8      | Noticed a slime creature
   717 | D:8      | Found a viscous altar of Jiyva.
   717 | D:8      | Noticed a slime creature
   717 | D:8      | Noticed poochi's ghost (novice GrFi)
   722 | D:8      | Noticed a hornet
   723 | D:8      | Noticed an orc warrior
   734 | D:8      | Found a white marble altar of Elyvilon.
   734 | D:8      | Noticed a wight
   736 | D:8      | Noticed Erica
   736 | D:8      | Noticed a wight
   741 | D:8      | Mangled by Erica

Illustrated notes

Levels and vault maps discovered:
D:1:      roadster_arrival_rocket_large, layout_basic,
          chequers_ecumenical_altar_grove
D:2:      layout_basic, guppyfry_early_lair_pool
D:3:      layout_loops_ring, lemuel_crystal_altar, serial_shops,
          nicolae_shop_waterfront, minmay_misc_feat_roman
D:4:      layout_rooms, minmay_quadrilaterals
D:5:      lemuel_insect_pit, layout_basic, mainiacjoe_overflow_paths,
          hangedman_abyss_or_decor_lesser_grid
D:6:      layout_basic, mainiacjoe_overflow_boulevard, serial_demonic,
          serial_demonic_c, serial_demonic_e, serial_demonic_b,
          serial_demonic_b, roadster_capsule_ark_zombie, uniq_sigmund
D:8:      layout_rooms, elyvilon_altar_5, hangedman_ru_absence, serial_aquarium,
          aquarium_bridge_island_small [aquarium_subvault_small_water,
          aquarium_subvault_bridge, aquarium_subvault_window,
          aquarium_subvault_bridge, aquarium_subvault_wall],
          aquarium_bridge_straight [aquarium_subvault_bridge,
          aquarium_subvault_wall, aquarium_subvault_bridge,
          aquarium_subvault_window], aquarium_window_fake, aquarium_window_1,
          aquarium_window_corridor_3, aquarium_view_2a, aquarium_view_2c,
          aquarium_balcony_3a, gammafunk_ghost_ooze, special_room
          [special_room_orc], minmay_evil_grid, uniq_erica

Skill      XL: |  1  2 |
---------------+-------+-----
Dodging        | 5 |  5.0
Fighting       | |  2.7
Short Blades   | |  3.2

Action                     || total
---------------------------++-------
  Melee: Short sword       ||    71
         Punch             ||     2
   Stab: Sleeping          ||     3
 Armour: Robe              ||    16
  Dodge: Dodged            ||    54

Table legend: (Time is in decaauts)
 A = Elapsed time spent in this place.
 B = Non-inter-level travel time spent in this place.
 C = Inter-level travel time spent in this place.
 D = Time resting spent in this place.
 E = Time spent auto-exploring this place.
 F = Levels seen in this place.
 G = Mean time per level.
                   A        B        C        D        E       F      G
               +--------+--------+--------+--------+--------+-----+--------+
         Total |    501 |    501 |      0 |      0 |    167 |   7 |   71.6 |
       Dungeon |    501 |    501 |      0 |      0 |    167 |   7 |   71.6 |
               +--------+--------+--------+--------+--------+-----+--------+

Top non-repeatable levels by time:
     D:1: 132 daAuts
     D:5: 112 daAuts
     D:2: 86 daAuts
     D:3: 63 daAuts
     D:8: 47 daAuts
     D:6: 37 daAuts
     D:4: 21 daAuts
